 Dungeon Crawl Stone Soup version 0.23-a0-139-ga22e90c45f (webtiles) character file.

144866 Napalmbreeze the Unseen (level 16, -5/86 HPs)
             Began as a Spriggan Enchanter on Aug 30, 2018.
             Was the Champion of Dithmenos.
             Killed from afar by Erolcha (29 damage)
             ... with a crystal spear
             ... on level 1 of the Orcish Mines on Aug 31, 2018.
             The game lasted 02:06:56 (41207 turns).

Napalmbreeze the Unseen (Spriggan Enchanter)       Turns: 41207, Time: 02:06:57

Health: -5/86      AC:  6    Str:  4    XL:     16   Next: 56%
Magic:  22/34      EV: 35    Int: 12    God:    Dithmenos [******]
Gold:   2189       SH:  0    Dex: 27    Spells: 30/42 levels left

rFire    + + .     SeeInvis +   E - +10 rapier "Cerr" {freeze, rN+}
rCold    . . .     Gourm    .   (shield restricted)
rNeg     + . .     Faith    +   K - +2 robe {MR+}
rPois    +         Spirit   .   w - +2 hat
rElec    +         Reflect  .   (no cloak)
rCorr    .         Harm     .   (gloves unavailable)
MR       +++..                  (boots unavailable)
Stlth    ++++++++++             l - amulet of faith
HPRegen  0.24/turn              F - +4 ring of dexterity
MPRegen  0.24/turn              S - ring "Wosul" {rElec rPois rF++ Int-5 SInv}

@: wreathed by umbra, very quick
A: very small, unfitting armour, see invisible, herbivore, speed 3, slow
metabolism 2
}: 1/15 runes: decaying
a: Shadow Step, Shadow Form, Renounce Religion


You were on level 1 of the Orcish Mines.
You worshipped Dithmenos.
Dithmenos was exalted by your worship.
You were very hungry.

You visited 5 branches of the dungeon, and saw 28 of its levels.
You also visited: Ice Cave.

You collected 2371 gold pieces.
You spent 182 gold pieces at shops.

Inventory:

Hand Weapons
 E - the +10 rapier "Cerr" (weapon) {freeze, rN+}
   (You found it on level 7 of the Dungeon)

   It has been specially enchanted to freeze those struck by it, causing extra
   injury to most foes and up to half again as much damage against particularly
   susceptible opponents.
   It can also slow down cold-blooded creatures.
   It protects you from negative energy.
Armour
 w - a +2 hat (worn)
 y - a +0 buckler of positive energy
 K - a +2 robe of magic resistance (worn)
 W - a +1 robe of fire resistance
Jewellery
 l - an amulet of faith (around neck)
 F - a +4 ring of dexterity (left hand)
 G - an uncursed ring of protection from magic
 L - the ring "Nydewor" {Str+6 Dex+2}
   (You found it on level 1 of the Lair of Beasts)

   [ring of strength]

   It affects your strength (+6).
   It affects your dexterity (+2).
 S - the ring "Wosul" (right hand) {rElec rPois rF++ Int-5 SInv}
   (You found it on level 11 of the Dungeon)

   [ring of see invisible]

   It affects your intelligence (-5).
   It greatly protects you from fire.
   It insulates you from electricity.
   It protects you from poison.
   It lets you see invisible.
 U - an uncursed ring of protection from fire
Wands
 a - a wand of iceblast (24)
 b - a wand of disintegration (27)
 q - a wand of random effects (14)
 s - a wand of scattershot (6)
 v - a wand of polymorph (26)
 C - a wand of acid (10)
 N - a wand of digging (15)
 T - a wand of enslavement (6)
Scrolls
 c - 3 scrolls of magic mapping
 e - 9 scrolls of identify
 h - 8 scrolls of amnesia
 j - a scroll of fog
 k - 10 scrolls of remove curse
 m - a scroll of enchant armour
 r - 4 scrolls of blinking
 t - 3 scrolls of enchant weapon
 u - 8 scrolls of teleportation
 x - 2 scrolls of vulnerability {unknown}
 B - 2 scrolls of brand weapon
 H - 4 scrolls of fear
 O - a scroll of silence
Potions
 f - 5 potions of curing
 g - 5 potions of heal wounds
 i - 2 potions of might
 n - 6 potions of lignification
 o - a potion of agility {unknown}
 p - 2 potions of degeneration {unknown}
 z - 2 potions of resistance
 A - 2 potions of ambrosia {unknown}
 D - 2 potions of berserk rage
 I - a potion of magic {unknown}
 J - 3 potions of brilliance {unknown}
 M - 2 potions of flight {unknown}
 Q - a potion of mutation {unknown}
Comestibles
 d - 28 rations


   Skills:
 + Level 10.9 Fighting
 - Level 14.0 Short Blades
 + Level 14.8 Dodging
 - Level 17.2 Stealth
 - Level 13.6 Spellcasting
 + Level 14.8 Hexes
 - Level 0.3 Ice Magic
 + Level 8.6 Invocations


You had 30 spell levels left.
You knew the following spells:

 Your Spells              Type           Power        Failure   Level  Hunger
a - Corona                Hex            #####..      1%          1    None
c - Ensorcelled Hibernat  Hex/Ice        ####..       1%          2    None
d - Tukima's Dance        Hex            #####...     1%          3    None
e - Dazzling Spray        Conj/Hex       ####..       1%          3    None
s - Confuse               Hex            #####...     1%          3    None

Your spell library contained the following spells:

 Spells                   Type           Power        Failure   Level  Hunger
 Slow                     Hex            #####...     1%          2    None
 Spectral Weapon          Hex/Chrm       ####....     1%          3    None
 Leda's Liquefaction      Hex/Erth       ####......   4%          4    ###....
 Freeze                   Ice            #...         8%          1    None
 Infusion                 Chrm           #...         9%          1    None
 Magic Dart               Conj           #...         9%          1    None
 Sandblast                Erth           #.....       9%          1    None
 Throw Frost              Conj/Ice       #.....       12%         2    None
 Blink                    Tloc           N/A          13%         2    None
 Call Imp                 Summ           #.......     13%         2    None
 Corpse Rot               Necr           N/A          13%         2    None
 Passwall                 Tmut/Erth      #.......     13%         2    None
 Shroud of Golubria       Chrm/Tloc      #.........   13%         2    None
 Song of Slaying          Chrm           #.......     13%         2    None
 Ozocubu's Armour         Chrm/Ice       #.......     24%         3    None
 Conjure Flame            Conj/Fire      #.......     26%         3    None
 Gell's Gravitas          Tloc           #.........   26%         3    None
 Lesser Beckoning         Tloc           #.........   26%         3    None
 Mephitic Cloud           Conj/Pois/Air  #.......     26%         3    None
 Regeneration             Chrm/Necr      #.........   26%         3    None
 Stone Arrow              Conj/Erth      #.....       26%         3    None
 Teleport Other           Tloc           #.......     26%         3    None
 Summon Ice Beast         Ice/Summ       #.......     61%         4    ###....
 Throw Icicle             Conj/Ice       #.......     61%         4    ###....
 Passage of Golubria      Tloc           N/A          63%         4    ###....
 Petrify                  Tmut/Erth      #.......     63%         4    ###....
 Bolt of Magma            Conj/Fire/Erth #.........   93%         5    #####..
 Lee's Rapid Deconstruct  Erth           #.........   93%         5    #####..
 Summon Forest            Summ/Tloc      #.........   93%         5    #####..
 Hydra Form               Tmut           #.........   100%        6    ######.
 Iron Shot                Conj/Erth      #.........   100%        6    ######.
 Statue Form              Tmut/Erth      #........    100%        6    ######.
 Summon Hydra             Summ           #.........   100%        7    #######
 Shatter                  Erth           #.........   100%        9    #######


Dungeon Overview and Level Annotations

Branches:
Dungeon (15/15)            Temple (1/1) D:6            Lair (6/6) D:8
  Swamp (4/4) Lair:2       Spider (0/4) Lair:3        Slime (0/5) Lair:5
    Orc (2/2) D:12            Elf (0/3) Orc:2        Vaults (0/5) D:14
 Depths: D:15

Altars:
Ashenzari
Cheibriados
Dithmenos
Elyvilon
Fedhas
Gozag
Hepliaklqana
Kikubaaqudgha
Makhleb
Nemelex Xobeh
Okawaru
Qazlal
Ru
Sif Muna
Trog
Uskayaw
Vehumet
Wu Jian
Xom
Yredelemnul
Zin
The Shining One
Jiyva

Shops:
D:10 }   D:13 [

Portals:
Hell: Lair:6

Annotations:
Orc:1 Erolcha


Innate Abilities, Weirdness & Mutations

You are very small and have problems with some larger weapons.
You are too small for most types of armour.
You have supernaturally acute eyesight. (SInv)
You are a herbivore.
You cover ground extremely quickly.
You need to consume almost no food.


Message History

The ogre completely misses you. x2
You hit the ogre. You freeze the ogre.
The ogre is moderately wounded.
The orc wizard completely misses you. Erolcha misses you.
You puncture the ogre! You freeze the ogre.
The ogre is almost dead.
The ogre closely misses you.
You puncture the ogre! You freeze the ogre.
You kill the ogre!
Dithmenos accepts your kill. Erolcha casts a spell at you.
The bolt of cold hits you!
* * * LOW HITPOINT WARNING * * *
You emit a cloud of dark smoke.
The orc wizard completely misses you.
You are feeling very hungry.
You hit the ogre. You freeze the ogre.
The ogre is lightly wounded.
Erolcha casts a spell at you. The crystal spear hits you!
You die...

#......##......[#...###.##....##
##.....#.##.....([.###...#.....##
.#........##.......# ##.#...#...#
...............##.####...#..#..##
.#.#..........##.#..###........##
####.......#..#.....)###......#.#
##............§§§§§§.[#..........
.....#........§§§O§§.............
##.#..........§§@O§§..#.....)....
..#....^......#§§o§§.............
...#..........§§§§§§........o....
#.##..................O.....O....
#####...........##.........[.....
#........#...#................
##.#......#..##...#.##.....#..
###...#.##......###....#..^.#
##.#...##.#...##....#......


You could see Erolcha, an ogre and an orc wizard (invisible).

Vanquished Creatures
  Rupert (D:12)
  A thorn hunter (Swamp:3)
  Agnes (D:15)
  Louise (Swamp:1)
  A dire elephant (Lair:5)
  An ettin (Orc:1)
  Fannar (Lair:3)
  20 hydras
  7 centaur warriors
  A catoblepas (Lair:3)
  10 alligators
  Urug (Lair:4)
  3 two-headed ogres
  Nergalle (D:12)
  An orc high priest (Orc:1)
  A sixfirhy (Lair:6)
  4 skeletal warriors (D:14)
  10 swamp dragons
  3 unseen horrors (D:13)
  3 spriggan druids (Swamp:4)
  A shambling mangrove (Swamp:2)
  4 wizards
  An orc sorcerer (Orc:1)
  11 ugly things
  A manticore (D:11)
  4 deep elf magi
  A wolf spider (Lair:3)
  4 cyclopes
  28 elephants
  3 black mambas
  A smoke demon (Lair:6)
  An orange demon (Lair:6)
  Psyche (D:10)
  21 spiny frogs
  6 rime drakes
  3 komodo dragons
  2 ice devils (Lair:6)
  An efreet (D:14)
  A red devil (Lair:6)
  11 tyrant leeches
  A meliai (shapeshifter) (D:14)
  7 trolls
  2 polar bears (IceCv)
  9 hornets
  37 slime creatures
  4 bog bodies
  18 blink frogs
  A meliai zombie (D:10)
  A centaur simulacrum (D:14)
  17 hippogriffs
  A vampire (D:14)
  A shadow (Swamp:4)
  A wyvern (D:10)
  2 redbacks (Lair:3)
  7 spriggans
  Sigmund (D:3)
  50 yaks
  3 hungry ghosts
  6 basilisks
  A steam dragon (Lair:4)
  16 swamp worms
  9 vampire mosquitoes
  7 wargs
  5 insubstantial wisps (Swamp:3)
  2 soldier ants (D:14)
  8 porcupines
  5 hell hounds (Lair:6)
  18 water moccasins
  14 swamp drakes
  13 orc warriors
  4 black bears
  4 sky beasts
  A phantom (D:13)
  15 ogres
  15 wolves
  3 necrophages
  15 centaurs
  18 crocodiles
  16 bullfrogs
  2 gnoll sergeants
  A wyvern zombie (D:12)
  2 scorpions
  A water moccasin skeleton (D:9)
  5 killer bees
  7 wights
  3 howler monkeys
  A bullfrog zombie (D:9)
  7 crimson imps
  3 centaur zombies
  A jelly (D:7)
  11 hounds
  A quasit (D:11)
  13 orc priests
  6 bullfrog skeletons
  5 centaur skeletons
  Ijyb (D:5)
  16 orc wizards
  8 iguanas
  4 worker ants
  A hound zombie (D:7)
  11 gnolls
  10 adders
  3 shadow imps
  An ooze (D:6)
  A worm (D:3)
  A dart slug (D:1)
  5 leopard geckos
  86 orcs
  5 giant cockroaches
  11 goblins
  4 hobgoblins
  5 jackals
  9 kobolds
  4 quokkas
  2 ball pythons
  5 bats
  3 frilled lizards
  A jackal skeleton (D:5)
  A quokka zombie (D:9)
  5 rats
  A fungus (Lair:6)
809 creatures vanquished.

Vanquished Creatures (collateral kills)
  A two-headed ogre (D:14)
1 creature vanquished.

Vanquished Creatures (others)
  A spriggan druid (Swamp:4)
  A polar bear (IceCv)
  A wolf (IceCv)
  An orc wizard (D:12)
  52 fungi
  11 plants (Lair:5)
67 creatures vanquished.

Grand Total: 877 creatures vanquished

Notes
Turn   | Place    | Note
-------+----------+-------------------------------------------
     0 | D:1      | Napalmbreeze the Spriggan Enchanter began the quest for the
                  | Orb.
     0 | D:1      | Reached XP level 1. HP: 9/9 MP: 5/5
   439 | D:1      | Reached XP level 2. HP: 13/13 MP: 6/6
   487 | D:1      | Learned a level 2 spell: Ensorcelled Hibernation
   674 | D:1      | Reached skill level 5 in Stealth
  1082 | D:1      | Reached XP level 3. HP: 16/16 MP: 8/8
  1705 | D:2      | Found a sparkling altar of Nemelex Xobeh.
  2547 | D:3      | Reached XP level 4. HP: 21/21 MP: 10/10
  3142 | D:3      | Noticed Sigmund
  3164 | D:3      | Killed Sigmund
  3164 | D:3      | Reached skill level 6 in Stealth
  3164 | D:3      | Reached XP level 5. HP: 24/24 MP: 8/12
  3369 | D:4      | Reached skill level 5 in Hexes
  3400 | D:4      | Reached XP level 6. HP: 13/28 MP: 11/13
  4656 | D:5      | Entered Level 5 of the Dungeon
  4660 | D:5      | Reached skill level 7 in Stealth
  4869 | D:5      | Reached skill level 5 in Spellcasting
  5362 | D:5      | Reached XP level 7. HP: 31/32 MP: 4/15
  6305 | D:5      | Noticed Ijyb
  6320 | D:5      | HP: 1/32 [centaur skeleton (5)]
  6638 | D:5      | Killed Ijyb
  7083 | D:5      | Reached skill level 8 in Stealth
  7175 | D:5      | Learned a level 3 spell: Confuse
  7734 | D:6      | Reached XP level 8. HP: 33/36 MP: 11/17
  7767 | D:6      | Found a staircase to the Ecumenical Temple.
  7781 | Temple   | Entered the Ecumenical Temple
  8112 | Temple   | Became a worshipper of Dithmenos the Shadowed
  9025 | D:7      | Reached skill level 5 in Short Blades
  9723 | D:7      | Got an ancient rapier
  9768 | D:6      | Identified the +10 rapier "Cerr" {freeze, rN+} (You found
                  | it on level 7 of the Dungeon)
  9774 | D:7      | Reached skill level 9 in Stealth
 10049 | D:7      | Noticed a hippogriff
 10058 | D:7      | Killed a hippogriff
 10331 | D:8      | Found a staircase to the Lair.
 10466 | D:7      | Reached XP level 9. HP: 29/39 MP: 15/20
 10606 | D:8      | Reached * piety under Dithmenos
 10618 | D:8      | Reached skill level 10 in Stealth
 10812 | D:8      | Found the +7 captain's cutlass {speed, disarm}
 10934 | D:8      | Reached skill level 10 in Hexes
 11047 | D:8      | Found a glowing golden altar of the Shining One.
 11508 | D:9      | Reached skill level 11 in Stealth
 11581 | D:9      | Reached ** piety under Dithmenos
 11581 | D:9      | Noticed a wizard
 11612 | D:9      | Killed a wizard
 11612 | D:9      | Reached XP level 10. HP: 36/44 MP: 7/23
 12217 | D:10     | Entered Level 10 of the Dungeon
 12219 | D:10     | Reached *** piety under Dithmenos
 12227 | D:10     | Reached skill level 12 in Stealth
 12657 | D:10     | Noticed Psyche
 12936 | D:9      | Learned a level 3 spell: Tukima's Dance
 12940 | D:9      | Learned a level 3 spell: Dazzling Spray
 13336 | D:10     | Found Naaronymm's Gadget Boutique.
 13336 | D:10     | Noticed a two-headed ogre
 13389 | D:10     | Killed Psyche
 13389 | D:10     | Reached XP level 11. HP: 47/47 MP: 17/25
 13431 | D:10     | Killed a two-headed ogre
 13580 | D:10     | Reached skill level 10 in Spellcasting
 13712 | D:10     | Reached skill level 13 in Stealth
 13726 | D:10     | Reached skill level 10 in Short Blades
 14503 | D:10     | Reached **** piety under Dithmenos
 14715 | Lair:1   | Entered Level 1 of the Lair of Beasts
 14745 | Lair:1   | Got a fine iron ring
 15518 | Lair:1   | Found a frozen archway.
 15559 | IceCv    | Entered an ice cave
 16784 | Lair:2   | Reached skill level 14 in Stealth
 17122 | Lair:2   | Noticed a seven-headed hydra
 17126 | Lair:2   | Killed a seven-headed hydra
 17186 | Lair:2   | Reached XP level 12. HP: 50/51 MP: 23/28
 17325 | Lair:2   | Found a staircase to the Swamp.
 17335 | Lair:2   | Reached skill level 1 in Fighting
 18097 | Lair:3   | Noticed a catoblepas
 18444 | Lair:3   | Found a hole to the Spider Nest.
 18577 | Lair:3   | Noticed Fannar
 18585 | Lair:3   | Killed Fannar
 18585 | Lair:3   | Reached skill level 15 in Stealth
 18918 | Lair:3   | Killed a catoblepas
 20069 | Lair:4   | Noticed Urug
 20078 | Lair:4   | Killed Urug
 20708 | Lair:5   | Reached skill level 5 in Fighting
 20870 | Lair:5   | Found a viscous altar of Jiyva.
 20871 | Lair:5   | Found a staircase to the Slime Pits.
 21284 | Lair:5   | Reached XP level 13. HP: 53/64 MP: 28/30
 21353 | Lair:5   | Identified the ring "Nydewor" {Str+6 Dex+2} (You found it
                  | on level 1 of the Lair of Beasts)
 21477 | Lair:5   | Noticed a dire elephant
 21612 | Lair:5   | Reached skill level 16 in Stealth
 21695 | Lair:5   | Killed a dire elephant
 22055 | Lair:6   | Entered Level 6 of the Lair of Beasts
 22331 | Lair:6   | Reached ***** piety under Dithmenos
 23862 | Lair:6   | Reached skill level 17 in Stealth
 24102 | Lair:6   | Found a burning altar of Makhleb.
 24306 | Lair:6   | Reached XP level 14. HP: 43/73 MP: 27/32
 25007 | Lair:6   | Found a gateway to Hell.
 25588 | D:11     | Got a translucent copper ring
 25589 | D:11     | Identified the ring "Wosul" {rElec rPois rF++ Int-5 SInv}
                  | (You found it on level 11 of the Dungeon)
 26019 | D:12     | Noticed Nergalle
 26020 | D:12     | Reached skill level 5 in Dodging
 26049 | D:12     | Killed Nergalle
 26194 | D:12     | Noticed Rupert
 26503 | D:12     | Found a staircase to the Orcish Mines.
 27617 | D:13     | Reached skill level 10 in Dodging
 27895 | D:13     | Reached skill level 1 in Invocations
 27962 | D:13     | Found Maacoonu's Antique Armour Shop.
 27970 | D:13     | Bought a crude robe for 182 gold pieces
 27970 | D:13     | Identified the +1 robe of Zumepp {Str+3 Dex-3 SInv} (You
                  | bought it in a shop on level 13 of the Dungeon)
 28071 | D:13     | Reached ****** piety under Dithmenos
 29968 | D:14     | Reached XP level 15. HP: 50/79 MP: 8/33
 30878 | D:14     | Found a gate to the Vaults.
 31320 | D:15     | Entered Level 15 of the Dungeon
 31355 | D:15     | Noticed Agnes
 31361 | D:15     | Killed Agnes
 31614 | Swamp:1  | Entered Level 1 of the Swamp
 31614 | Swamp:1  | Noticed Louise
 31616 | Swamp:1  | Killed Louise
 31616 | Swamp:1  | Reached skill level 5 in Invocations
 33929 | Swamp:2  | Identified a scroll of acquirement
 34582 | Swamp:3  | HP: 3/80 [tyrant leech[a spriggan druid] (26)]
 35085 | Swamp:3  | Noticed a thorn hunter
 35105 | Swamp:3  | Reached skill level 10 in Fighting
 35375 | Swamp:3  | Killed a thorn hunter
 36423 | Swamp:3  | Found a shimmering altar of Xom.
 36679 | Swamp:4  | Entered Level 4 of the Swamp
 36986 | Swamp:4  | Reached XP level 16. HP: 80/85 MP: 1/34
 39108 | Swamp:4  | Got a decaying rune of Zot
 39350 | Orc:1    | Entered Level 1 of the Orcish Mines
 39662 | D:12     | Killed Rupert
 40316 | Orc:2    | Entered Level 2 of the Orcish Mines
 40569 | Orc:2    | Found a staircase to the Elven Halls.
 40573 | Orc:2    | Noticed Erolcha
 41207 | Orc:1    | Killed from afar by Erolcha

Vault maps used:
D:1:      minmay_arrival_hallway
D:2:      nemelex_xobeh_ov_fountains_minmay
D:3:      uniq_sigmund
D:4:      st_stairs_10
D:5:      first_ration, uniq_ijyb
D:6:      minmay_temple_entry_statues_fountains
D:8:      erik_lair_orcish_takeover, grunt_ogre_cave,
          nicolae_tso_swordbearing_angel
D:9:      minmay_librarian
D:10:     grunt_ministairs_3, kennysheep_windowed_goal, uniq_psyche
D:12:     orc_0_dummy, billiards_dpeg, uniq_nergalle, uniq_rupert
D:13:     serial_shops, shop, serial_glass, glass_columns_a, glass_columns_a,
          glass_columns_a, glass_columns_a, glass_columns_a, glass_columns_a
D:14:     david_vaults_1, minivault_11
D:15:     grunt_enter_depths_hoard, serial_shops, nicolae_shop_statue_plus,
          serial_bayou_lagoon_a, uniq_agnes
Temple:   minmay_crystal_snake_temple
Lair:1:   portal_ice_cave_entry_pillars_1
Lair:2:   minmay_swamp_entry_worms
Lair:3:   spider_nest_entry_funnel_web, beast_lair_carwin_4, uniq_fannar
Lair:4:   serial_bayou_shore_b, uniq_urug
Lair:5:   mu_elephants_graveyard, dpeg_slime_entry_enclosed_altar, st_stairs_7
Lair:6:   evil_forest
Swamp:1:  evilmike_swamp_ruin_house_4, uniq_louise
Swamp:2:  evilmike_swamp_ruin_house_2
Swamp:3:  basic_altar
Swamp:4:  swamp, infiniplex_staircase_pool_2
Orc:2:    st_orc_open, sword_in_stone, uniq_erolcha
IceCv:    ice_cave_caverns_02

Skill      XL: |  1  2  3  4  5  6  7  8  9 10 11 12 13 14 15 16 |
---------------+-------------------------------------------------+-----
Stealth        | 5 6 7 8 9 11 12 14 15 17 | 17.2
Spellcasting   | 3 4 5 7 8 9 11 12 13 | 13.6
Hexes          | 4 5 7 8 11 12 14 | 14.8
Short Blades   | 2 3 4 5 7 9 12 13 14 | 14.0
Fighting       | 5 8 9 10 | 10.9
Dodging        | 11 13 14 | 14.8
Invocations    | 4 7 8 |  8.6
Ice Magic      | |  0.3

Action                   |  1- 3 |  4- 6 |  7- 9 | 10-12 | 13-15 | 16-18 || total
-------------------------+-------+-------+-------+-------+-------+-------++-------
Melee: Dagger            |   109 |   117 |   367 |       |       |       ||   593
       Rapier            |       |       |   110 |   328 |   819 |   311 ||  1568
 Cast: Corona            |     2 |     3 |     8 |     5 |     8 |    10 ||    36
       Ensorcelled Hiber |    16 |    12 |    58 |   117 |   170 |    91 ||   464
       Confuse           |       |       |    25 |    45 |   246 |    39 ||   355
       Dazzling Spray    |       |       |       |    14 |    14 |     1 ||    29
       Tukima's Dance    |       |       |       |       |     8 |       ||     8
Invok: Shadow Step       |       |       |       |     5 |    13 |     2 ||    20
       Shadow Form       |       |       |       |       |       |     1 ||     1
  Use: Scroll            |       |     2 |     3 |     1 |    23 |     1 ||    30
       Potion            |       |       |       |     3 |     7 |       ||    10
 Stab: Sleeping          |    18 |    18 |    42 |   119 |   164 |    35 ||   396
       Distracted        |     1 |       |     7 |     5 |    12 |     1 ||    26
       Confused          |       |       |    13 |    18 |   103 |    15 ||   149
       Invisible         |       |       |       |     1 |     3 |       ||     4
  Eat: Ration            |       |     2 |     4 |     4 |     8 |     2 ||    20
Armor: Robe              |     7 |    10 |    69 |    32 |    26 |    16 ||   160
Dodge: Dodged            |    69 |    81 |   373 |   268 |   597 |   389 ||  1777

Table legend:
 A = Non-vault XP
 B = Vault XP
 C = Vault XP percentage of total XP
 D = Non-vault monster count
 E = Vault monster count
 F = Vault count percentage of total count
                 A         B        C        D         E       F
            +---------+---------+-------+---------+---------+-------
      Total |  134342 |   54039 |  28.7 |     680 |     130 |  16.0
            +---------+---------+-------+---------+---------+-------
        D:1 |      49 |       0 |   0.0 |      20 |       0 |   0.0
        D:2 |      38 |       0 |   0.0 |      16 |       0 |   0.0
        D:3 |      41 |     212 |  83.8 |      17 |       1 |   5.6
        D:4 |     358 |      14 |   3.8 |      20 |       1 |   4.8
        D:5 |     623 |      39 |   5.9 |      20 |       1 |   4.8
        D:6 |     274 |       0 |   0.0 |      15 |       0 |   0.0
        D:7 |     994 |     161 |  13.9 |      21 |       1 |   4.5
        D:8 |    1352 |     594 |  30.5 |      21 |       9 |  30.0
        D:9 |    2195 |     746 |  25.4 |      39 |       2 |   4.9
       D:10 |    4125 |    1557 |  27.4 |      36 |      11 |  23.4
       D:11 |    2454 |       0 |   0.0 |      11 |       0 |   0.0
       D:12 |    3902 |    4771 |  55.0 |      30 |       5 |  14.3
       D:13 |   12727 |       0 |   0.0 |      52 |       0 |   0.0
       D:14 |   19475 |    1338 |   6.4 |      64 |       2 |   3.0
       D:15 |    3415 |    2092 |  38.0 |      10 |       1 |   9.1
     Lair:1 |    3980 |       0 |   0.0 |      18 |       0 |   0.0
     Lair:2 |    4838 |     654 |  11.9 |      19 |       3 |  13.6
     Lair:3 |    3747 |    2780 |  42.6 |      22 |       8 |  26.7
     Lair:4 |    3060 |     867 |  22.1 |      16 |       1 |   5.9
     Lair:5 |    4402 |    7928 |  64.3 |      19 |      16 |  45.7
     Lair:6 |   12301 |    8859 |  41.9 |      33 |      25 |  43.1
    Swamp:1 |    6895 |    1677 |  19.6 |      21 |       1 |   4.5
    Swamp:2 |   10138 |       0 |   0.0 |      31 |       0 |   0.0
    Swamp:3 |   13931 |       0 |   0.0 |      30 |       0 |   0.0
    Swamp:4 |   13454 |   16686 |  55.4 |      33 |      27 |  45.0
      Orc:1 |    4836 |    1139 |  19.1 |      32 |       5 |  13.5
      Orc:2 |     738 |    1107 |  60.0 |      14 |       3 |  17.6
      IceCv |       0 |     818 | 100.0 |       0 |       7 | 100.0
            +---------+---------+-------+---------+---------+-------
